 Dungeon Crawl Stone Soup version 0.26.1-11-gd32895ea62 (webtiles) character file.

Game seed: 3368316510996895687

22388 Eitelfritz the Severer (level 13, 0/116 HPs)
             Began as a Hill Orc Fighter on June 20, 2021.
             Was an Elder of Okawaru.
             Slain by an eight-headed hydra (8 damage)
             ... on level 12 of the Dungeon.
             The game lasted 00:35:04 (12100 turns).

Eitelfritz the Severer (Hill Orc Fighter)          Turns: 12100, Time: 00:35:04

Health: 0/116      AC: 17    Str: 28    XL:     13   Next: 0%
Magic:  15/15      EV: 11    Int:  9    God:    Okawaru [****..]
Gold:   690        SH: 14    Dex: 11    Spells: 12/12 levels left

rFire    . . .     SeeInvis .   D - +0 morningstar
rCold    . . .     Faith    .   p - +2 kite shield {AC+3}
rNeg     . . .     Spirit   .   d - +1 scale mail {rPois}
rPois    +         Reflect  .   l - +2 helmet
rElec    .         Harm     .   (no cloak)
rCorr    .         Rampage  .   (no gloves)
Will     +....                  G - +0 pair of boots
Stlth    +.........             z - amulet of regeneration
HPRegen  0.69/turn              B - ring of willpower
MPRegen  0.14/turn              v - +6 ring of strength

@: no status effects
A: no striking features
a: Renounce Religion, Heroism


You were on level 12 of the Dungeon.
You worshipped Okawaru.
Okawaru was greatly pleased with you.
You visited 2 branches of the dungeon, and saw 13 of its levels.
You also visited: Sewer.

You collected 690 gold pieces.

Inventory:

Hand Weapons
 a - a +4 war axe
 b - a +0 hand crossbow
 D - a +0 morningstar (weapon)
 H - a +2 vorpal battleaxe
 Q - a +2 war axe of venom
Missiles
 h - 13 javelins (quivered)
 s - 14 boomerangs
 w - 37 poisoned darts
 E - 5 datura-tipped darts
 V - 56 bolts
Armour
 d - a +1 scale mail of poison resistance (worn)
 l - a +2 helmet (worn)
 p - a +2 kite shield of protection (worn)
 G - a +0 pair of boots (worn)
Jewellery
 m - an uncursed ring of magical power
 t - an uncursed ring of flight
 v - a +6 ring of strength (right hand)
 z - an amulet of regeneration (around neck)
 B - a ring of willpower (left hand)
Wands
 y - a wand of iceblast (2)
 A - a wand of paralysis (16)
 F - a wand of polymorph (6)
 I - a wand of flame (23)
 R - a wand of disintegration (14)
Scrolls
 e - 3 scrolls of magic mapping
 f - a scroll of enchant armour
 g - 4 scrolls of remove curse
 j - 6 scrolls of teleportation
 n - 2 scrolls of fog
 o - 2 scrolls of blinking
 q - 3 scrolls of fear
 T - a scroll of amnesia
Potions
 i - 3 potions of curing
 k - 3 potions of heal wounds
 r - 3 potions of mutation
 u - a potion of haste
 x - 3 potions of lignification
 C - a potion of magic
 J - 2 potions of resistance
 L - 2 potions of flight
 N - a potion of ambrosia
 S - a potion of cancellation {unknown}
 U - 3 potions of attraction


   Skills:
 + Level 11.0 Fighting
 + Level 15.6(15.7) Axes
 + Level 2.6(9.3) Maces & Flails
 + Level 2.3 Crossbows
 + Level 1.5 Throwing
 + Level 9.1 Armour
 + Level 4.1 Dodging
 + Level 2.4 Stealth
 + Level 10.0 Shields
 + Level 3.2 Invocations
 + Level 2.4 Evocations


You had 12 spell levels left.
You didn't know any spells.
Your spell library contained the following spells:

 Spells                   Type           Power        Failure   Level
 Animate Skeleton         Necr           0%           83%         1
 Pain                     Necr           0%           83%         1
 Confusing Touch          Hex            0%           99%         3
 Gell's Gravitas          Tloc           0%           99%         3
 Vampiric Draining        Necr           0%           99%         3
 Animate Dead             Necr           0%           100%        4
 Petrify                  Tmut/Erth      0%           100%        4
 Agony                    Necr           0%           100%        5
 Metabolic Englaciation   Hex/Ice        0%           100%        5
 Yara's Violent Unravell  Hex/Tmut       0%           100%        5


Dungeon Overview and Level Annotations

Branches:
Dungeon (12/15)            Temple (1/1) D:6            Lair (0/6) D:9
    Orc (0/2) D:10          Sewer (visited)

Altars:
Ashenzari
Cheibriados
Dithmenos
Elyvilon
Fedhas
Gozag
Hepliaklqana
Kikubaaqudgha
Makhleb
Nemelex Xobeh
Okawaru
Qazlal
Ru
Sif Muna
Trog
Uskayaw
Vehumet
Wu Jian
Xom
Yredelemnul
Zin
The Shining One
Beogh


Message History

* * * LOW HITPOINT WARNING * * *
Reactivating autopickup.
The eight-headed hydra bites you but does no damage. x5
You block the eight-headed hydra's attack.
The eight-headed hydra bites you but does no damage. x2
You feel much better.
The shadow slips into darkness.
The shadow flickers and vanishes!
Deactivating autopickup; reactivate with Ctrl-A.
The eight-headed hydra bites you!
* * * LOW HITPOINT WARNING * * *
The eight-headed hydra bites you but does no damage.
You block the eight-headed hydra's attack.
The eight-headed hydra bites you!
* * * LOW HITPOINT WARNING * * *
The eight-headed hydra bites you!
* * * LOW HITPOINT WARNING * * *
You block the eight-headed hydra's attack.
The eight-headed hydra bites you!
You die...

... ##### ... #...
.... #..#...#
#..#...#
##......##
#..D......
#.@{......
#.###.#####
#.###.#...#
#.....#...#
##....#...#
#....#...#########
+....#.†.##.......
#....#............
#....#...#########


You could see an eight-headed hydra.

Vanquished Creatures
  A boulder beetle (D:11)
  3 two-headed ogres
  2 orc knights (D:10)
  2 manticores
  2 kobold demonologists (D:11)
  A troll (D:9)
  A hornet (D:7)
  3 slime creatures (D:12)
  A meliai zombie (D:11)
  A vampire (D:10)
  2 wyverns
  A wraith (D:10)
  4 yaks
  5 orc warriors
  A water moccasin (Sewer)
  3 ice beasts
  2 necrophages
  4 wolves
  2 sky beasts
  2 black bears
  7 ogres
  2 phantoms
  6 centaurs
  3 big kobolds
  8 bullfrogs
  6 scorpions
  16 killer bees
  10 electric eels
  5 wights (D:9)
  3 howler monkeys
  2 bullfrog zombies (D:5)
  A quasit (D:4)
  5 hounds
  6 jellies
  3 bullfrog skeletons
  2 centaur skeletons
  12 orc wizards
  A water moccasin simulacrum (D:8)
  7 orc priests
  3 iguanas
  10 worker ants
  A hound zombie (D:8)
  4 hound skeletons
  3 gnolls (D:6)
  A howler monkey skeleton (D:8)
  15 adders
  3 white imps
  4 ufetubi
  3 oozes
  2 adder skeletons (D:5)
  2 worms
  4 dart slugs
  13 leopard geckos
  83 orcs
  2 ball pythons
  4 giant cockroaches
  2 gnoll zombies (D:2)
  10 hobgoblins
  21 jackals
  24 kobolds
  9 quokkas
  2 bats
  6 frilled lizards
  10 goblins
  3 leopard gecko skeletons
  2 quokka skeletons
  7 rats
401 creatures vanquished.

Vanquished Creatures (others)
  A quokka (D:6)
  15 plants (D:10)
16 creatures vanquished.

Grand Total: 417 creatures vanquished

Notes
Turn   | Place    | Note
-------+----------+-------------------------------------------
     0 | D:1      | Eitelfritz the Hill Orc Fighter began the quest for the
                  | Orb.
     0 | D:1      | Reached XP level 1. HP: 19/19 MP: 1/1
   235 | D:1      | Reached XP level 2. HP: 27/27 MP: 2/2
   418 | D:1      | Reached skill level 3 in Axes
   428 | D:1      | Reached XP level 3. HP: 33/33 MP: 3/3
   992 | D:2      | Reached XP level 4. HP: 40/40 MP: 4/4
  1072 | D:2      | You fall into a shaft and drop 1 floor!
  1108 | D:3      | Reached skill level 4 in Axes
  1494 | D:2      | Reached XP level 5. HP: 36/46 MP: 5/5
  1678 | D:2      | Found a basalt altar of Yredelemnul.
  1890 | D:2      | Found a stormy altar of Qazlal.
  2860 | D:4      | Reached skill level 5 in Axes
  2875 | D:4      | Reached XP level 6. HP: 23/53 MP: 6/6
  3081 | D:4      | Found a shimmering blue altar of Sif Muna.
  3164 | D:4      | Reached skill level 1 in Dodging
  3192 | D:4      | Found an opulent altar of Gozag.
  3430 | D:4      | Reached skill level 6 in Axes
  3473 | D:4      | Found a broken altar of Ashenzari.
  3838 | D:5      | Entered Level 5 of the Dungeon
  3849 | D:5      | Reached XP level 7. HP: 54/60 MP: 7/7
  3919 | D:5      | Reached skill level 5 in Armour
  3920 | D:5      | Reached skill level 5 in Shields
  3959 | D:5      | Reached skill level 5 in Fighting
  4040 | D:5      | Reached skill level 7 in Axes
  4101 | D:5      | Reached XP level 8. HP: 63/68 MP: 8/8
  4108 | D:5      | Found an iron altar of Okawaru.
  4323 | D:5      | Found a glowing drain.
  4328 | Sewer    | Entered a sewer
  4404 | Sewer    | Reached skill level 8 in Axes
  5185 | D:6      | Reached skill level 9 in Axes
  5242 | D:6      | Reached XP level 9. HP: 32/75 MP: 9/9
  5276 | D:6      | Reached skill level 10 in Axes
  5377 | D:6      | Found a shimmering altar of Xom.
  5410 | D:6      | Found a staircase to the Ecumenical Temple.
  5565 | D:6      | Found a white marble altar of Elyvilon.
  5789 | Temple   | Entered the Ecumenical Temple
  6117 | D:7      | Noticed a hornet
  6126 | D:7      | Killed a hornet
  6176 | D:7      | Reached skill level 11 in Axes
  6501 | D:7      | Noticed a two-headed ogre
  6512 | D:7      | Killed a two-headed ogre
  6513 | D:7      | Reached skill level 12 in Axes
  6513 | D:7      | Reached skill level 1 in Throwing
  6513 | D:7      | Reached XP level 10. HP: 20/88 MP: 10/10
  6785 | D:7      | Found a hazy altar of Hepliaklqana.
  6933 | D:8      | Paralysed by an orc warrior for 4 turns
  6990 | D:8      | HP: 2/88 [electric eel/bolt of electricity (6)]
  7188 | D:8      | Reached skill level 13 in Axes
  7775 | D:5      | Became a worshipper of Warmaster Okawaru
  8066 | D:9      | Reached * piety under Okawaru
  8470 | D:9      | Found a staircase to the Lair.
  8666 | D:9      | Noticed a centaur warrior
  8672 | D:9      | Noticed a centaur warrior
  8674 | D:9      | Reached XP level 11. HP: 95/95 MP: 11/11
  8706 | D:9      | Found a glowing silver altar of Zin.
  9170 | D:10     | Entered Level 10 of the Dungeon
  9211 | D:10     | Reached ** piety under Okawaru
  9212 | D:10     | Reached skill level 14 in Axes
 10154 | D:10     | Noticed a manticore
 10175 | D:10     | Killed a manticore
 10402 | D:10     | Noticed an orc knight
 10423 | D:10     | Killed an orc knight
 10481 | D:10     | Noticed an orc knight
 10513 | D:10     | Killed an orc knight
 10565 | D:10     | Found a roughly hewn altar of Beogh.
 10565 | D:10     | Found a staircase to the Orcish Mines.
 10908 | D:10     | Reached skill level 10 in Fighting
 10908 | D:10     | Reached XP level 12. HP: 107/107 MP: 11/14
 10980 | D:11     | Noticed a boulder beetle
 11011 | D:11     | Killed a boulder beetle
 11011 | D:11     | Reached *** piety under Okawaru
 11012 | D:11     | Reached skill level 15 in Axes
 11220 | D:11     | Noticed a two-headed ogre
 11233 | D:11     | Killed a two-headed ogre
 11374 | D:11     | Noticed a six-headed hydra
 11575 | D:11     | Noticed a two-headed ogre
 11590 | D:11     | Killed a two-headed ogre
 11590 | D:11     | Reached **** piety under Okawaru
 11591 | D:11     | Reached skill level 10 in Shields
 12061 | D:12     | Reached XP level 13. HP: 109/116 MP: 15/15
 12100 | D:12     | Slain by an eight-headed hydra

Illustrated notes

Levels and vault maps discovered:
D:1:      heliophobic_arrival_ceremonial_halls, layout_loops_ring
D:2:      layout_basic, nicolae_qazlal_eye_of_the_storm,
          lemuel_zombie_altar_yredelemnul
D:3:      layout_basic
D:4:      layout_loops_ring, lemuel_blue_sif_altar, general_overflow_altar,
          nicolae_gozag_cash_rules_everything_around_me
D:5:      layout_loops_ring, kennysheep_okawaru_gauntlet, gup_sewer_entry_bowl,
          kennysheep_minor_cross
D:6:      layout_cave_pools, elyvilon_altar_4, minmay_temple_entry_glassed_door,
          basic_altar
D:7:      layout_cave_pools, nzn_hepliaklqana_mist_gate, item_on_display_a
D:8:      layout_loops_ring, serial_ice, serial_ice_g, serial_ice_k,
          serial_ice_e, serial_ice_a
D:9:      layout_roguey, nicolae_overflow_crystal_walls, erik_lair_island,
          minivault_12
D:10:     layout_roguey, david_orc_5, minivault_21, chequers_big_river
D:11:     layout_roguey
D:12:     layout_stronghold, minivault_28, uniq_jorgrun
Temple:   minmay_temple_curvy_branch

Skill      XL: |  1  2  3  4  5  6  7  8  9 10 11 12 |
---------------+-------------------------------------+-----
Axes           | 3 4 5 6 7 9 12 13 14 15 | 15.6
Armour         | 4 5 6 7 8 9 |  9.1
Fighting       | 4 5 6 7 8 10 11 | 11.0
Shields        | 4 5 6 7 8 9 10 | 10.0
Dodging        | 1 2 3 4 |  4.1
Throwing       | 1 |  1.5
Maces & Flails | 2 |  2.6
Crossbows      | 2 |  2.3
Stealth        | 2 |  2.4
Invocations    | 3 |  3.2
Evocations     | 2 |  2.4

Action                   |  1- 3 |  4- 6 |  7- 9 | 10-12 | 13-15 || total
-------------------------+-------+-------+-------+-------+-------++-------
Melee: War axe           |    80 |   246 |   317 |   524 |       ||  1167
       Morningstar       |       |       |       |       |    10 ||    10
 Fire: Hand crossbow     |       |       |       |     4 |       ||     4
Throw: Javelin           |     7 |     4 |       |     3 |       ||    14
       Dart              |       |     2 |     7 |       |       ||     9
Evoke: Wand              |       |       |       |     1 |       ||     1
  Use: Scroll            |       |    13 |     2 |    11 |       ||    26
       Potion            |       |       |     2 |     4 |     1 ||     7
Armor: Scale mail        |    23 |   122 |    42 |   168 |    37 ||   392
       Chain mail        |       |     2 |   124 |       |       ||   126
Dodge: Dodged            |    14 |    91 |   115 |   162 |    21 ||   403
Block: Kite shield       |    44 |   139 |   198 |   318 |    23 ||   722
